Cogmind - Beta 16 --- EXPLORER MODE // 2025.11.12 @ 17:07:52 Player: K.K.Y. Result: Destroyed by Y-54 Guardian with Gatling Laser Performance ------------- Evolutions (0) 0 Regions Visited (3) 600 Robots Destroyed (23) 115 Value Destroyed (579) 579 Prototype IDs (1) 20 Alien Tech Used (0) 0 Bonus (0) 0 TOTAL SCORE: 1314 Bonus ------- None Cogmind --------- Core Integrity 0/250 Matter 300/300 Energy 68/100 System Corruption 0% Temperature Hot (276) Movement Core (750) Ox14 Location -7/Recycling Parts ------- > --- POWER (1) -------- (None) > --- PROPULSION (2) --- (None) > --- UTILITY (3) ------ High-capacity Storage Unit > --- WEAPON (2) ------- Advanced Beam Cannon > --- INVENTORY (20) --- Machine Analyzer Scrap Shield Cobbler Unit SUBCON Basin (Full) Peak State ------------ > --- POWER ------------ Makeshift Power Source > --- PROPULSION ------- Compact Wheel Compact Wheel > --- UTILITY ---------- Medium Storage Unit High-capacity Storage Unit > --- WEAPON ----------- Advanced Beam Cannon Advanced Beam Cannon > --- INVENTORY -------- Machine Analyzer Scrap Shield Barrage Gun Grenade Launcher SUBCON Basin [Rating: 33] Favorites ----------- Power Ion Engine Engine Ion Engine Propulsion Compact Wheel Leg Aluminum Leg Wheel Compact Wheel Utility Medium Storage Unit Storage Medium Storage Unit Weapon Advanced Beam Cannon Energy Cannon Advanced Beam Cannon Ballistic Gun Light Assault Rifle Build | -11 -10 -10 -7 ------- Run | Yrd Mat Sub Rec Slots Evolved 1 | . 1 . . Power . | . . . . Propulsion . | . . . . Utility 1 | . 1 . . Weapon . | . . . . Parts Attached 18 | 6 7 5 . Power 3 | 1 . 2 . Engine 3 | 1 . 2 . Core . | . . . . Reactor . | . . . . Propulsion 7 | 2 3 2 . Treads . | . . . . Leg 3 | 2 1 . . Wheel 4 | . 2 2 . Hover . | . . . . Flight . | . . . . Utility 3 | 1 1 1 . Device . | . . . . Storage 3 | 1 1 1 . Processor . | . . . . Hackware . | . . . . Protection . | . . . . Artifact . | . . . . Weapon 5 | 2 3 . . Energy Gun . | . . . . Energy Cannon 2 | . 2 . . Ballistic Gun 3 | 2 1 . . Ballistic Cannon . | . . . . Launcher . | . . . . Special Weapon . | . . . . Impact Weapon . | . . . . Slashing Weapon . | . . . . Piercing Weapon . | . . . . Special Melee Weapon . | . . . . Unidentified Prototypes 1 | . 1 . . Parts Lost 6 | . . 3 3 Power 2 | . . 2 . Propulsion 3 | . . 1 2 Utility . | . . . . Weapon 1 | . . . 1 Highest Loss Streak 3 | . . 1 3 To Critical Strikes . | . . . . Average Backups 6 | 1 8 5 3 Power . | . . . . Propulsion . | . 2 . . Utility 3 | . 3 2 3 Weapon 2 | . 2 2 . Tool/Special . | . . . . Unused Backups 9 | . . 6 3 Power . | . . . . Propulsion . | . . . . Utility 4 | . . 1 3 Weapon 5 | . . 5 . Tool/Special . | . . . . Average Slot Usage (%) 76 | . 71 81 70 Engine 10 | . 12 10 . Leg 9 | . 21 . . Wheel 14 | . 2 24 23 Storage 17 | . 12 21 22 Energy Cannon 18 | . 12 25 24 Ballistic Gun 4 | . 10 . . Peak Build Rating 33 | 6 11 33 29 Average Rating 17 | 4 8 25 28 On Entrance 11 | . 6 11 29 Avg Prop Armor Cover (%) . | . . . . Naked Turns . | . . . . Heaviest Build 63 | 18 23 63 58 Greatest Support 32 | 20 32 32 20 Greatest Overweight (x) 3 | . 1 3 2 Average Overweight (x) . | . . . 2 Largest Inventory Capacity 20 | 10 15 20 20 Average Capacity 13 | 8 10 17 20 Most Carried 20 | 5 10 20 20 Average Carried 12 | 1 8 16 20 Final Capacity 20 | 10 10 20 20 Final Carried 20 | 1 10 20 20 Class Distribution -------------------- 100% | Hacker-Mutant Dominant Class ---------------- Hacker-Mutant | -10/Materials Hacker-Mutant | -10/Subcaves Hacker-Mutant | -7/Recycling Resources | -11 -10 -10 -7 ----------- Run | Yrd Mat Sub Rec Matter Collected 472 | 236 186 36 14 Remotely . | . . . . Salvage Created 915 | . 497 284 134 Parts 51 | . 31 15 5 Haulers Intercepted 1 | . 1 . . Recyclers Shooed 2 | . 2 . . Parts Field Recycled . | . . . . Retrieved Matter . | . . . . Parts Self-Destructed . | . . . . Prevented . | . . . . Parts Restored . | . . . . Kills | -11 -10 -10 -7 ------- Run | Yrd Mat Sub Rec Combat Hostiles Destroyed 16 | . 6 8 2 Guns 6 | . 6 . . Cannons 9 | . . 7 2 Classes Destroyed 10 | . 6 3 1 Hauler 1 | . 1 . . Recycler 2 | . 2 . . Mechanic 1 | . 1 . . Turret 1 | . . 1 . Watcher 2 | . 2 . . Swarmer 6 | . 2 4 . Grunt 4 | . 4 . . Sentry 2 | . . . 2 Cobbler 1 | . . 1 . Subdweller 4 | . . 4 . Best Kill Streak 3 | . 3 2 1 Combat Bots Only 2 | . 2 2 1 Max Kills in Single Turn 1 | . 1 1 1 Gunslinging . | . . . . Exploded . | . . . . Melee . | . . . . Uniques/NPCs Destroyed . | . . . . Combat | -11 -10 -10 -7 -------- Run | Yrd Mat Sub Rec Hostile Shots Fired 198 | . 41 73 84 Missed 61 | . 12 26 23 Hits 137 | . 29 47 61 Projectile 137 | . 29 47 61 Damage Taken 955 | . 235 447 273 Core 255 | . 50 89 116 Absorbed by Shields . | . . . . Ignored by Resistances 574 | . 147 231 196 Core Remaining (%) 100 | 100 . . . Volleys Fired 85 | . 37 34 14 Largest 2 | . 2 2 2 Hottest 136 | . 136 136 136 Shots Fired 163 | . 74 68 21 Gun 70 | . 70 . . Cannon 93 | . 4 68 21 Launcher . | . . . . Special . | . . . . Kinetic 70 | . 70 . . Thermal 93 | . 4 68 21 Explosive . | . . . . Electromagnetic . | . . . . Robot Hit Streak 71 | . 46 58 71 Robot Miss Streak 2 | . 1 1 2 Penetration Max . | . . . . Secondary Targets 2 | . 2 . . Max Gunslinging Chain 1 | . 1 . . Shots Hit Robots 141 | . 64 59 18 Core Hits 47 | . 25 16 6 Critical Kills 2 | . 1 1 . Critical Parts Destroyed . | . . . . Critical Strikes 2 | . 1 1 . Meltdown 1 | . . 1 . Destroy 1 | . 1 . . Melee Attacks . | . . . . Impact . | . . . . Slashing . | . . . . Piercing . | . . . . Sneak Attacks . | . . . . Combat Hostiles . | . . . . Follow-up Attacks . | . . . . Damage Inflicted 2163 | . 579 1216 368 Guns 502 | . 502 . . Cannons 1646 | . 62 1216 368 Explosions . | . . . . Melee . | . . . . Ramming 15 | . 15 . . Kinetic 502 | . 502 . . Thermal 1646 | . 62 1216 368 Explosive . | . . . . Electromagnetic . | . . . . Impact . | . . . . Slashing . | . . . . Piercing . | . . . . Highest Corruption . | . . . . Average Corruption . | . . . . Corruption Purged . | . . . . Corruption Blocked . | . . . . Overload Shots . | . . . . Overflow Damage 6 | . . 6 . Projectiles 6 | . . 6 . Explosions . | . . . . Melee . | . . . . Knockbacks . | . . . . Impact . | . . . . Kinetic . | . . . . Secondary . | . . . . Self-Inflicted Damage 7 | . 7 . . Shots . | . . . . Rammed 1 | . 1 . . Targets Rammed 2 | . 2 . . Kicked 1 | . 1 . . Crushed . | . . . . Highest Temperature 264 | . 75 144 264 Average Temperature 61 | . 19 47 124 Received Heat Transfer 498 | . 174 180 144 Effects 1 | . . . 1 Interference 1 | . . . 1 Siege Activations . | . . . . Martial Activations . | . . . . Shielding Activations . | . . . . Robots Disrupted . | . . . . Combat Hostiles . | . . . . Robots Corrupted . | . . . . Combat Hostiles . | . . . . Parts Fried . | . . . . Impact Corruptions . | . . . . Robots Melted 1 | . . 1 . Combat Hostiles 1 | . . 1 . Parts Melted 5 | . . 4 1 Heat Transferred 2960 | . 111 2183 666 Parts Sabotaged . | . . . . Parts Stolen . | . . . . Parts Stripped . | . . . . Power Chain Reactions . | . . . . Alert | -11 -10 -10 -7 ------- Run | Yrd Mat Sub Rec Maximum Alert Level . | . . . . Low Security (%) 100 | 100 100 . 100 Level 1 . | . . . . Level 2 . | . . . . Level 3 . | . . . . Level 4 . | . . . . Level 5 . | . . . . High Security . | . . . . Max Security . | . . . . Peak Influence 55 | . 55 . 27 Initial 22 | . . . 22 Average 4 | . 4 . 6 Influence Increases 426 | . 201 185 40 Destroy 0b10 Robot/C 260 | . 120 100 40 Destroy 0b10 Robot/NC 30 | . 30 . . Destroy Leader 46 | . 36 10 . Partial Spotted 15 | . 15 . . Lose Combat Pursuer 75 | . . 75 . Influence Decreases 426 | . 201 120 105 Entered New Map 43 | . . . 43 Time Decay 368 | . 201 110 57 Lost Part 15 | . . 10 5 Squads Dispatched . | . . . . Investigation . | . . . . Extermination . | . . . . Reinforcement . | . . . . Assault . | . . . . Garrison . | . . . . Intercept . | . . . . Searches Triggered . | . . . . Construction Impeded . | . . . . Haulers Reinforced . | . . . . Active Scanning Responses . | . . . . Cargo Convoy Interrupts . | . . . . Stealth | -11 -10 -10 -7 --------- Run | Yrd Mat Sub Rec Distress Signals 1 | . 1 . . Communications Jammed . | . . . . Distress Signals . | . . . . Times Spotted 29 | . 13 13 3 Peak Tracking Total 3 | . 3 3 1 Tactical Retreats 4 | . . 4 . Traps | -11 -10 -10 -7 ------- Run | Yrd Mat Sub Rec Traps Triggered 4 | . 2 2 . Indirectly . | . . . . Trap Hack Attempts . | . . . . Triggered . | . . . . Disarmed . | . . . . Reprogrammed . | . . . . Reused . | . . . . Traps Extracted . | . . . . Installed . | . . . . Triggered . | . . . . Machines | -11 -10 -10 -7 ---------- Run | Yrd Mat Sub Rec Machines Disabled 2 | . . 2 . Max in Single Turn 1 | . . 1 . Machines Repaired . | . . . . Machines Dismantled . | . . . . Machines Sabotaged . | . . . . Overloaded Fab Kills . | . . . . Hacking | -11 -10 -10 -7 --------- Run | Yrd Mat Sub Rec Machines Accessed 2 | . . 2 . Terminals . | . . . . Fabricators . | . . . . Repair Stations . | . . . . Recycling Units . | . . . . Scanalyzers . | . . . . Garrison Access . | . . . . Total Hacks 3 | . . 3 . Successful 3 | . . 3 . Failed . | . . . . Catastrophic . | . . . . Database Lockouts . | . . . . Manual . | . . . . Terminals . | . . . . Fabricators . | . . . . Repair Stations . | . . . . Recycling Units . | . . . . Scanalyzers . | . . . . Garrison Access . | . . . . Terminal Hacks 3 | . . 3 . Record 1 | . . 1 . Open Door 1 | . . 1 . Release Object 1 | . . 1 . Fabricator Hacks . | . . . . Repair Station Hacks . | . . . . Recycling Unit Hacks . | . . . . Scanalyzer . | . . . . Garrison Access Hacks . | . . . . Unauthorized Hacks . | . . . . Terminals . | . . . . Fabricators . | . . . . Repair Stations . | . . . . Recycling Units . | . . . . Scanalyzers . | . . . . Garrison Access . | . . . . Data Cores Recovered . | . . . . Used . | . . . . Hacking Detections . | . . . . Full Trace Events . | . . . . Feedback Events . | . . . . Feedback Blocked . | . . . . Robot Schematics Acquired . | . . . . Robots Built . | . . . . Authchips . | . . . . Time . | . . . . Total Robot Build Rating . | . . . . Part Schematics Acquired . | . . . . Parts Built . | . . . . Authchips . | . . . . Time . | . . . . Total Part Build Rating . | . . . . Part Studies Acquired . | . . . . Parts Repaired . | . . . . Time . | . . . . Parts Recycled . | . . . . Recycled Matter . | . . . . Retrieved Matter . | . . . . Retrieved Components . | . . . . Parts Scanalyzed . | . . . . Part Schematics Acquired . | . . . . Parts Damaged . | . . . . Bothacking | -11 -10 -10 -7 ------------ Run | Yrd Mat Sub Rec Used RIF Installer . | . . . . Robots Hacked . | . . . . Non-combat . | . . . . Combat . | . . . . Robot Hacks Applied . | . . . . Relay Couplers Released . | . . . . Fabnet Peak Effective % . | . . . . Robots Rewired . | . . . . Allies Hacked . | . . . . Hacks Repelled . | . . . . Allies | -11 -10 -10 -7 -------- Run | Yrd Mat Sub Rec Total Allies . | . . . . Largest Group . | . . . . Highest-Rated Group . | . . . . Highest-Rated Ally . | . . . . Total Orders . | . . . . Ally Attacks . | . . . . Total Damage . | . . . . Kills . | . . . . Allies Corrupted . | . . . . Allies Melted . | . . . . Intel | -11 -10 -10 -7 ------- Run | Yrd Mat Sub Rec Active Infowar (turns) . | . . . . Robot Analysis Total . | . . . . Derelict Logs Recovered 2 | . . 2 . Drone Launches . | . . . . Drone Recoveries . | . . . . Exploration | -11 -10 -10 -7 ------------- Run | Yrd Mat Sub Rec Turns Passed 2527 | 54 1151 1119 203 Spaces Moved 1751 | 45 714 840 152 Core 17 | 17 . . . Treads . | . . . . Legs 624 | 28 596 . . Wheels 1110 | . 118 840 152 Hover . | . . . . Flight . | . . . . Fastest Speed 50 | 50 100 100 110 Average Speed 123 | 93 142 110 110 Slowest Speed 190 | 120 190 145 110 Overloaded Moves . | . . . . Propulsion Burnouts . | . . . . Robots Hopped . | . . . . Potential Cave-ins . | . . . . Cave-ins Triggered . | . . . . Exploration Rate (%) 46 | 3 97 42 42 Regions Visited 3 Branch Regions 2 Pre-discovered Areas . | . . . . Known Exits Taken 3 | 1 1 1 . Unknown Exits Taken . | . . . . Scrap Searched 6 | . . 6 . Spaces Dug . | . . . . Terrain Destroyed . | . . . . Melee . | . . . . Projectile . | . . . . AOE . | . . . . Terrain Rammed . | . . . . Walls Destroyed . | . . . . Machines Disabled . | . . . . Actions | -11 -10 -10 -7 --------- Run | Yrd Mat Sub Rec Total 1975 | 56 788 964 167 Wait 73 | . 1 72 . Move 1748 | 44 713 839 152 Hop . | . . . . Pick Up 26 | 6 16 4 . Fast Attach 6 | 1 3 2 . Attach 13 | 5 7 1 . Detach 2 | . 2 . . Swap 2 | . . 2 . Drop 18 | . 7 10 1 Fire 85 | . 37 34 14 Melee . | . . . . Ram 1 | . 1 . . Kick 1 | . 1 . . Crush . | . . . . Escape Stasis . | . . . . Rewire . | . . . . Trap . | . . . . Miscellaneous . | . . . . Route ------- -11/Scrapyard -10/Materials (discovered 6 exits: *Mat x3 / *Min x2 / *Sub) -10/Subcaves (discovered 2 exits: Mat / *Rec) -7/Recycling (discovered 1 exit: *Fac) History --------- Turn | Location | Event 8 | -11/Scrapyard | Identified exit to Materials 8 | -11/Scrapyard | Discovered exit to Materials (range 15) 55 | -11/Scrapyard | Entered Materials 55 | -10/Materials | Evolved 1 slot: Utility x1 205 | -10/Materials | Identified exit to Mines 205 | -10/Materials | Discovered exit to Mines (range 7) 314 | -10/Materials | Build established: Hacker-Mutant 590 | -10/Materials | Identified exit to Materials 590 | -10/Materials | Discovered exit to Materials (range 4) 665 | -10/Materials | Discovered exit to Mines (range 16) 680 | -10/Materials | Discovered exit to Materials (range 16) 755 | -10/Materials | Derelicts attacked the area 993 | -10/Materials | Discovered exit to Materials (range 5) 1198 | -10/Materials | Identified exit to Subcaves 1198 | -10/Materials | Discovered exit to Subcaves (range 9) 1206 | -10/Materials | Entered Subcaves 1207 | -10/Subcaves | Approached by a straggling Scientist 1207 | -10/Subcaves | Identified exit to Recycling 1420 | -10/Subcaves | Disturbed a concealed Subdweller 1463 | -10/Subcaves | Core integrity fell below 50% 1543 | -10/Subcaves | Found SUBCON Basin 1575 | -10/Subcaves | Disturbed a concealed Subdweller 1618 | -10/Subcaves | Identified exit to Materials 2325 | -10/Subcaves | Entered Recycling 2471 | -7/Recycling | Identified exit to Factory 2471 | -7/Recycling | Discovered exit to Factory (range 14) 2516 | -7/Recycling | Core integrity fell below 20% 2528 | -7/Recycling | Destroyed by Y-54 Guardian with Gatling Laser Last Messages --------------- 02355_ Y-54 Guardian springs to life. 02360_ Y-54 Guardian destroyed. 02367_ Acquired 14 matter. 02378_ R-06 Scavenger collects Imp. Heat Sink. 02384_ R-06 Scavenger collects Lgt. Treads. 02471_ EXIT=FOUND: FACTORY 02480_ Y-54 Guardian springs to life. 02486_ Imp. Deuterium Engine melted. 02486_ Y-54 Guardian destroyed. 02489_ Dropped Med. Storage Unit. 02499_ R-06 Scavenger collects Med. Storage Unit. 02503_ R-06 Scavenger collects Flak Gun. 02507_ R-06 Scavenger collects Lgt. Treads. 02512_ Y-54 Guardian springs to life. 02512_ Adv. Beam Cannon destroyed. 02515_ Wheel destroyed. 02525_ Y-54 Guardian heat damages Lgt. Treads. 02528_ Overheating: System interference. 02528_ Adv. Beam Cannon temporarily disabled. Map ----- +----------------------------------------------------+ | ?????????????????????????????????????????????????? | | ?????????????????????????????????????????????????? | | ?????????????????????????????????????????????????? | | ?????????????????????????????????????????????????? | | ?????????????????????????????????????????????????? | | ?????????????????????????????????????????????????? | | ?????????????????????????????????????????????????? | | ?????????????????????????????????????????????????? | | ?????????????????????????????????????????????????? | | ?????????????????????????????????????????????????? | | ?????????????????????????????????????????????????? | | ????????????????????????????? ???????????????????? | | ???????????????????????????? ??????????????????? | | ???????????????????????????? ##?????????????????? | | ?????????????????????????### [ ?????????????????? | | ????????????????????????? *??????????????????? | | ????????????????????????? %??????????????????? | | ????????????????????????# #??????????????????? | | ????????????????????????" #??????????????????? | | ????????????????????????Y #??????????????????? | | ????????????????????????" #??????????????????? | | ????????????????????????# #??????????????????? | | ????????????????????????# #??????????????????? | | ???????????????????????## #??????????????????? | | ???????????????????????#Y #??????????????????? | | ????????????????????????#@r #??????????????????? | | #######?????????????????# #??????????????????? | | #?????????????????# r ; ???????????????? | | """ #?????????????????# # =????????????? | | """ #??#+?????????????# #?? #?????????? | | """ #??# ?????????????## #???? ??????????? | | #??# ??????????????# #??????[ ??????????? | | #??# ????########### #??????????????????? | | #??# #???# """"" # #??????????????????? | | "" #??# #???# ""T"" + #??????????????????? | | "" #??# #???# # #??????????????????? | | "T #### #???# """" # #??????????????????? | | "" ##"" ##### """" # #??????????????????? | | "" ##"Y + """" # #??????????????????? | | ##"" #### """" # #??????????????????? | | #+######## #??# # ###????????????????? | | #??##+######## ""#????????????????? | | #???# #?????## Y"#????????????????? | | ###########?#% ""#????????????????? | | # !! #?##= ###????????????????? | | "######## # ! #??# #??????????????????? | | "#??????# #!! ! ! #??# #??????????????????? | | ##?"????# # ! #??# #??????????????????? | | ##""T""# # #??# < #??????????????????? | | + +! #??# #??????????????????? | +----------------------------------------------------+ Best States ------------- Heat Dissipation 25 Energy Generation 15 Energy Capacity 250 Matter Stores 300 Matter Capacity 300 Sight Range 16 Terrain Scan Density 10 Resistance: KI 35 Resistance: TH 35 Resistance: EX 35 Resistance: EM 35 Resistance: I 35 Resistance: S 35 Resistance: P 35 Evasion (%) 55 Offensive Hacking 20 Item Schematics ----------------- None Robot Schematics ------------------ None Fabricated ------------ Nothing Repaired ---------- Nothing Studied --------- None Alien Tech Used ----------------- None Achievements -------------- None Challenges ------------ None Game ------ Seed TeleporterTechMask Manual? 0 Play Time 00:14:24 Cumulative 81.4 hours Start 2025.11.12 @ 16:54:56 End 2025.11.12 @ 17:07:52 Sessions 1 Manual Loads 0 Difficulty Explorer Special Mode None Game No. 79 Rogue 0 Adventurer 0 Explorer 79 Win Type - Total 0 Types 0/0/0/0/0/0/0/0/0/0 Lore% 53 Gallery% 55 Achievement% 42 Wizard Run 0 Options --------- Layout 1 ASCII 0 Keyboard 0 Movement Mouse Keybinds 0 Fullscreen 1 Font 24/Smallcaps Map View 50x35 Zoom Use 0% Tactical HUD 1 Map Filters NONE Filters NONE Steam 1 RUN: 18674680-c134-41ec-9b75-5646bec932c5